Canucks vs Senateurs
Created - October 23, 2017 at 21:28
Goals
|
| Canucks |
1 |
2 |
2 |
0 |
2 |
6 |
| Senateurs |
0 |
3 |
2 |
0 |
1 |
5 |
|
Shots
|
| Canucks |
9 |
10 |
17 |
1 |
4 |
37 |
| Senateurs |
5 |
9 |
15 |
2 |
4 |
31 |
|
1st period
1. Canucks , Milan Michalek 4 (Jamie McBain 1, Mike Ribeiro 5) at 6:13
Penalties :
George Parros (Ott) for Elbowing (Minor) at 0:17, Tom Poti (Van) for Hooking (Minor) at 7:32, Johan Franzen (Ott) for High sticking (Minor) at 9:21
2nd period
2. Senateurs , Dan Hamhuis 1 (Evgeni Malkin 1, George Parros 4) at 1:15 (PP)
3. Senateurs , Milan Hejduk 1 (Evgeni Malkin 2, Arturs Kulda 1) at 5:14
4. Canucks , Clarke MacArthur 3 (Lasse Kukkonen 1) at 5:46
5. Senateurs , Johan Franzen 2 (Cody Hodgson 2, Brenden Morrow 2) at 8:47
6. Canucks , Milan Michalek 5 (Jamie McBain 2, Lasse Kukkonen 2) at 17:47
Penalties :
Milan Michalek (Van) for Interference (Minor) at 1:08, Milan Michalek (Van) for Slashing (Minor) at 8:50, Maxim Afinogenov (Van) for Roughing (Minor) at 16:16, Vladimir Mihalik (Ott) for High sticking (Minor) at 17:03
3rd period
7. Canucks , Jiri Hudler 2 (Matt Stajan 5, Alex Goligoski 6) at 0:28
8. Senateurs , George Parros 1 (Pascal Dupuis 1) at 7:51
9. Canucks , Mike Ribeiro 4 (Alex Goligoski 7, Jiri Hudler 3) at 14:17 (PP)
10. Senateurs , Evgeni Malkin 5 (Thomas Vanek 3, Kurtis Foster 2) at 19:56
Penalties :
Brenden Morrow (Ott) for Tripping (Minor) at 5:57, Ben Lovejoy (Van) for Tripping (Minor) at 6:12, Kurtis Foster (Ott) for Tripping (Minor) at 10:17, Brenden Morrow (Ott) for Tripping (Minor) at 14:11
Overtime #1
No Goal
Penalties :
Mike Ribeiro (Van) for Interference (Minor) at 1:19
Shootout
Penalty Shot by Mike Ribeiro for Canucks - Stopped by Ondrej Pavelec
Penalty Shot by Evgeni Malkin for Senateurs - Goal!
Penalty Shot by Matt Stajan for Canucks - Stopped by Ondrej Pavelec
Penalty Shot by Thomas Vanek for Senateurs - Stopped by Carey Price
Penalty Shot by Nik Antropov for Canucks - Goal!
Penalty Shot by Brenden Morrow for Senateurs - Shot Misses the Net
Penalty Shot by Milan Michalek for Canucks - Goal!
Penalty Shot by George Parros for Senateurs - Stopped by Carey Price
Penalties :
No Penalty
Goalie Stats
Carey Price (Van), 26 saves from 31 shots - (0.839), W, 3-3-0, 65:00 minutes
Ondrej Pavelec (Ott), 32 saves from 37 shots - (0.865), OTL, 0-5-1, 64:00 minutes
Players Stats for Canucks
Player Name G A P +/- PIM S H SB GA TA FO MP PP MP PK MP
------------------------------------------------------------------------------------
Alex Goligoski 0 2 2 -1 0 1 1 1 0 2 0/0 31:44 3:38 4:26
Ben Lovejoy 0 0 0 0 2 1 1 1 1 0 0/0 30:21 3:37 4:11
Clarke MacArthur 1 0 1 1 0 4 2 0 0 0 0/2 15:26 3:02 0:13
Jamie McBain 0 2 2 1 0 3 3 1 1 0 0/0 20:34 3:17 2:30
Jiri Hudler 1 1 2 0 0 1 1 0 0 0 1/2 16:59 3:42 0:00
Lasse Kukkonen 0 2 2 1 0 0 3 0 0 1 0/0 19:15 3:17 2:30
Matt Stajan 0 1 1 1 0 5 1 0 1 0 7/14 23:27 3:13 3:55
Maxim Afinogenov 0 0 0 0 2 6 2 0 0 0 1/1 18:13 3:10 0:00
Maxim Lapierre 0 0 0 -1 0 0 1 1 0 0 1/6 8:48 0:27 0:43
Mike Ribeiro 1 1 2 -1 2 3 5 0 0 0 21/43 27:30 3:26 3:13
Milan Michalek 2 0 2 0 4 8 2 1 0 1 1/2 22:06 3:42 0:54
Nik Antropov 0 0 0 1 0 3 2 0 0 0 3/8 12:00 0:00 1:21
Nikolai Zherdev 0 0 0 0 0 1 0 0 0 0 0/0 6:58 0:00 0:00
Patrik Elias 0 0 0 0 0 0 1 0 0 0 1/1 8:32 0:00 1:34
Rene Bourque 0 0 0 0 0 0 2 0 0 0 0/0 9:22 0:00 0:00
Ryan Hollweg 0 0 0 -1 0 0 0 0 1 0 0/0 10:14 0:00 0:00
Sami Lepisto 0 0 0 1 0 1 0 1 0 0 0/0 11:33 0:00 0:00
Tom Poti 0 0 0 -2 2 0 0 2 0 0 0/0 16:50 0:03 0:15
Players Stats for Senateurs
Player Name G A P +/- PIM S H SB GA TA FO MP PP MP PK MP
------------------------------------------------------------------------------------
Arturs Kulda 0 1 1 0 0 0 0 1 0 0 0/0 12:16 0:00 1:25
B.J. Crombeen 0 0 0 0 0 3 3 0 0 1 0/0 12:23 0:00 0:28
Brandon Dubinsky 0 0 0 0 0 2 0 0 0 0 4/4 10:49 0:00 0:16
Brenden Morrow 0 1 1 -3 4 2 3 1 0 0 2/5 21:18 2:21 2:52
Carlo Colaiacovo 0 0 0 0 0 1 1 2 0 1 0/0 22:11 1:59 3:31
Cody Hodgson 0 1 1 -2 0 0 0 0 1 0 6/14 16:29 2:06 0:00
Dan Girardi 0 0 0 -1 0 0 0 2 0 0 0/0 11:40 0:00 0:31
Dan Hamhuis 1 0 1 0 0 2 0 2 0 1 0/0 32:07 2:58 3:33
Evgeni Malkin 1 2 3 2 0 4 1 2 1 0 26/46 29:55 2:51 3:27
George Parros 1 1 2 1 2 5 1 1 1 0 1/3 20:59 2:36 1:05
Johan Franzen 1 0 1 -2 2 5 3 0 0 1 1/1 16:44 2:05 0:00
Kurtis Foster 0 1 1 0 2 2 1 2 1 0 0/0 31:08 2:58 2:30
Milan Hejduk 1 0 1 1 0 1 0 0 0 0 0/0 4:14 0:00 0:00
Pascal Dupuis 0 1 1 1 0 0 0 0 0 0 2/3 2:42 0:00 0:00
Ramzi Abid 0 0 0 0 0 1 2 1 0 0 0/0 13:30 0:00 2:15
Rob Schremp 0 0 0 1 0 0 0 0 0 0 0/1 4:14 0:00 0:00
Thomas Vanek 0 1 1 1 0 3 2 0 0 0 1/2 26:28 2:51 3:27
Vladimir Mihalik 0 0 0 1 2 0 1 1 0 0 0/0 20:46 1:58 2:20
3 Stars
1 - Evgeni Malkin (Ott)
2 - Jamie McBain (Van)
3 - Lasse Kukkonen (Van)
Power Play
Canucks - 1 on 6 Attempt(s) - 16.67%
Senateurs - 1 on 6 Attempt(s) - 16.67%
Penalty Kill
Canucks - 5 on 6 Attempt(s) - 83.33%
- Score 0 goal in Penalty Kill
Senateurs - 5 on 6 Attempt(s) - 83.33%
- Score 0 goal in Penalty Kill
Team Stat
Canucks - Hits : 27 - Faceoff Wins : 36 - Blocked Shots : 8 - Penalty Minutes : 12
Senateurs - Hits : 18 - Faceoff Wins : 43 - Blocked Shots : 15 - Penalty Minutes : 12
Official
Referees : Walkom Stephen and Martell Rob
Linesman : Steve Miller and Brad Kovachik
Game Notes
No Game Note
Finance
Level 1 -- Attendance: 5458 (90.97%) -- Ticket Income $453,014
Level 2 -- Attendance: 4661 (93.22%) -- Ticket Income $247,033
Level 3 -- Attendance: 2000 (100.00%) -- Ticket Income $66,000
Level 4 -- Attendance: 3727 (93.18%) -- Ticket Income $85,721
Luxury Box -- Attendance: 896 (89.60%) -- Ticket Income $138,880
Game was played at the Place Banque Scotia.
Total Attendance: 16742 (93.01%)
Total Ticket Income: $990,648
Other Income: $148,597
Total Income: $1,139,245
Canucks
5 vs 5 Forward
Center Left Wing Right Wing Time % Phy DF OF
1 Mike Ribeiro Milan Michalek Maxim Afinogenov 40 1 2 2
2 Matt Stajan Clarke MacArthur Jiri Hudler 30 1 2 2
3 Nik Antropov Ryan Hollweg Rene Bourque 20 1 2 2
4 Maxim Lapierre Patrik Elias Nikolai Zherdev 10 1 2 2
5 vs 5 Defense
Defense Defense Time % Phy DF OF
1 Alex Goligoski Ben Lovejoy 40 1 2 2
2 Tom Poti Jamie McBain 30 1 2 2
3 Lasse Kukkonen Sami Lepisto 20 1 2 2
4 Alex Goligoski Ben Lovejoy 10 1 2 2
PowerPlay Forward
Center Left Wing Right Wing Time % Phy DF OF
1 Mike Ribeiro Milan Michalek Jiri Hudler 60 1 2 2
2 Matt Stajan Clarke MacArthur Maxim Afinogenov 40 1 2 2
PowerPlay Defense
Defense Defense Time % Phy DF OF
1 Alex Goligoski Ben Lovejoy 60 1 2 2
2 Lasse Kukkonen Jamie McBain 40 1 2 2
Penalty Kill 4 Players Forward
Center Wing Time % Phy DF OF
1 Mike Ribeiro Matt Stajan 60 1 2 2
2 Nik Antropov Milan Michalek 40 1 2 2
Penalty Kill 4 Players Defense
Defense Defense Time % Phy DF OF
1 Alex Goligoski Ben Lovejoy 60 1 2 2
2 Lasse Kukkonen Jamie McBain 40 1 2 2
Penalty Kill - 3 Players Forward
Forward Time % Phy DF OF
1 Mike Ribeiro 60 1 2 2
2 Matt Stajan 40 1 2 2
Penalty Kill - 3 Players Defense
Defense Defense Time % Phy DF OF
1 Alex Goligoski Ben Lovejoy 60 1 2 2
2 Lasse Kukkonen Jamie McBain 40 1 2 2
4 vs 4 Forward
Center Wing Time % Phy DF OF
1 Mike Ribeiro Matt Stajan 60 1 2 2
2 Nik Antropov Milan Michalek 40 1 2 2
4 vs 4 Defense
Defense Defense Time % Phy DF OF
1 Alex Goligoski Ben Lovejoy 60 1 2 2
2 Lasse Kukkonen Jamie McBain 40 1 2 2
Last Minutes Offensive
Center Left Wing Right Wing Defense Defense
Mike Ribeiro Milan Michalek Jiri Hudler Alex Goligoski Ben Lovejoy
Last Minutes Defensive
Center Left Wing Right Wing Defense Defense
Mike Ribeiro Milan Michalek Jiri Hudler Alex Goligoski Ben Lovejoy
Goaltenders
Starting : Carey Price
Backup : Karri Ramo
Extra Forwards
Normal : Maxim Lapierre, Ryan Hollweg, Patrik Elias - PP : Maxim Lapierre, Ryan Hollweg - PK : Patrik Elias
Extra Defensemen
Normal : Tom Poti, Sami Lepisto, Lasse Kukkonen - PP : Tom Poti - PK : Sami Lepisto, Lasse Kukkonen
Penalty Shots
Mike Ribeiro, Matt Stajan, Nik Antropov, Milan Michalek, Clarke MacArthur
Scratches
None
Senateurs
5 vs 5 Forward
Center Left Wing Right Wing Time % Phy DF OF
1 Evgeni Malkin Thomas Vanek George Parros 40 1 2 2
2 Cody Hodgson Brenden Morrow Johan Franzen 30 1 2 2
3 Brandon Dubinsky Ramzi Abid B.J. Crombeen 20 1 2 2
4 Rob Schremp Evgeni Malkin Milan Hejduk 10 1 2 2
5 vs 5 Defense
Defense Defense Time % Phy DF OF
1 Dan Hamhuis Kurtis Foster 40 1 2 2
2 Carlo Colaiacovo Vladimir Mihalik 30 1 2 2
3 Dan Girardi Arturs Kulda 20 1 2 2
4 Dan Hamhuis Kurtis Foster 10 1 2 2
PowerPlay Forward
Center Left Wing Right Wing Time % Phy DF OF
1 Evgeni Malkin Thomas Vanek George Parros 60 1 2 2
2 Cody Hodgson Brenden Morrow Johan Franzen 40 1 2 2
PowerPlay Defense
Defense Defense Time % Phy DF OF
1 Dan Hamhuis Kurtis Foster 60 1 2 2
2 Carlo Colaiacovo Vladimir Mihalik 40 1 2 2
Penalty Kill 4 Players Forward
Center Wing Time % Phy DF OF
1 Evgeni Malkin Thomas Vanek 60 1 2 2
2 Brenden Morrow George Parros 40 1 2 2
Penalty Kill 4 Players Defense
Defense Defense Time % Phy DF OF
1 Dan Hamhuis Kurtis Foster 60 1 2 2
2 Carlo Colaiacovo Vladimir Mihalik 40 1 2 2
Penalty Kill - 3 Players Forward
Forward Time % Phy DF OF
1 Evgeni Malkin 60 1 2 2
2 Thomas Vanek 40 1 2 2
Penalty Kill - 3 Players Defense
Defense Defense Time % Phy DF OF
1 Dan Hamhuis Kurtis Foster 60 1 2 2
2 Carlo Colaiacovo Vladimir Mihalik 40 1 2 2
4 vs 4 Forward
Center Wing Time % Phy DF OF
1 Evgeni Malkin Thomas Vanek 60 1 2 2
2 Brenden Morrow George Parros 40 1 2 2
4 vs 4 Defense
Defense Defense Time % Phy DF OF
1 Dan Hamhuis Kurtis Foster 60 1 2 2
2 Carlo Colaiacovo Vladimir Mihalik 40 1 2 2
Last Minutes Offensive
Center Left Wing Right Wing Defense Defense
Evgeni Malkin Thomas Vanek George Parros Dan Hamhuis Kurtis Foster
Last Minutes Defensive
Center Left Wing Right Wing Defense Defense
Evgeni Malkin Thomas Vanek George Parros Dan Hamhuis Kurtis Foster
Goaltenders
Starting : Ondrej Pavelec
Backup : Jeff Deslauriers
Extra Forwards
Normal : Pascal Dupuis, B.J. Crombeen, Ramzi Abid - PP : Pascal Dupuis, B.J. Crombeen - PK : Ramzi Abid
Extra Defensemen
Normal : Dan Girardi, Arturs Kulda, Carlo Colaiacovo - PP : Dan Girardi - PK : Arturs Kulda, Carlo Colaiacovo
Penalty Shots
Evgeni Malkin, Thomas Vanek, Brenden Morrow, George Parros, Johan Franzen
Scratches
Brooks Orpik (Suspend), Ryan Malone (Healthy)
% Time on Ice - Canucks
Lines # - Real PCT - Wanted PCT - Time Play
Normal Forward
1 - 35% - 40% - 15:22
2 - 28% - 30% - 12:11
3 - 21% - 20% - 9:22
4 - 16% - 10% - 6:58
Normal Defense
1 - 41% - 40% - 17:47
2 - 33% - 30% - 14:19
3 - 21% - 20% - 9:20
4 - 6% - 10% - 2:27
PP Forward
1 - 56% - 60% - 3:53
2 - 44% - 40% - 3:02
PP Defense
1 - 53% - 60% - 3:38
2 - 47% - 40% - 3:17
PK Forward
1 - 73% - 60% - 3:36
2 - 27% - 40% - 1:21
PK Defense
1 - 67% - 60% - 3:18
2 - 33% - 40% - 1:39
PK3 Forward
1 - 100% - 60% - 1:59
2 - 0% - 40% - 0:00
PK3 Defense
1 - 57% - 60% - 1:08
2 - 43% - 40% - 0:51
44 Forward
1 - 80% - 60% - 4:55
2 - 20% - 40% - 1:12
44 Defense
1 - 61% - 60% - 3:45
2 - 39% - 40% - 2:22
Last Minute Offensive - 0:00
Last Minute Defensive - 1:09
Total
Forward - 65:00
Defense - 65:00
|
% Time on Ice - Senateurs
Lines # - Real PCT - Wanted PCT - Time Play
Normal Forward
1 - 34% - 40% - 14:55
2 - 33% - 30% - 14:40
3 - 23% - 20% - 10:07
4 - 10% - 10% - 4:14
Normal Defense
1 - 41% - 40% - 17:52
2 - 32% - 30% - 13:57
3 - 24% - 20% - 10:33
4 - 4% - 10% - 1:34
PP Forward
1 - 58% - 60% - 2:51
2 - 42% - 40% - 2:06
PP Defense
1 - 60% - 60% - 2:58
2 - 40% - 40% - 1:59
PK Forward
1 - 71% - 60% - 4:56
2 - 29% - 40% - 1:59
PK Defense
1 - 59% - 60% - 4:04
2 - 41% - 40% - 2:51
PK3 Forward
1 - 0% - 60%
2 - 0% - 40%
PK3 Defense
1 - 0% - 60%
2 - 0% - 40%
44 Forward
1 - 75% - 60% - 6:06
2 - 25% - 40% - 2:00
44 Defense
1 - 69% - 60% - 5:35
2 - 31% - 40% - 2:31
Last Minute Offensive - 1:06
Last Minute Defensive - 0:00
Total
Forward - 65:00
Defense - 65:00
|
Play by Play
1st period
0:01 of 1st period - Evgeni Malkin wins face-off versus Mike Ribeiro in neutral zone.
0:17 of 1st period - Minor Penalty to George Parros for Elbowing.
0:18 of 1st period - Mike Ribeiro wins face-off versus Evgeni Malkin in Senateurs zone.
0:24 of 1st period - Snap shot by Mike Ribeiro.
0:24 of 1st period - Shot Blocked by Kurtis Foster.
0:30 of 1st period - Wrist shot by Thomas Vanek.
0:30 of 1st period - Stopped by Carey Price without a rebound.
0:31 of 1st period - Matt Stajan wins face-off versus Brenden Morrow in Canucks zone.
0:56 of 1st period - Carlo Colaiacovo is hit by Lasse Kukkonen and loses puck.
1:13 of 1st period - Jiri Hudler is hit by Ramzi Abid.
2:17 of 1st period - Penalty to George Parros is over, George Parros is back on ice.
2:22 of 1st period - Kurtis Foster is hit by Rene Bourque and loses puck.
2:42 of 1st period - Icing by Kurtis Foster.
2:43 of 1st period - Brandon Dubinsky wins face-off versus Maxim Lapierre in Senateurs zone.
3:08 of 1st period - Rob Schremp is hit by Mike Ribeiro.
3:24 of 1st period - Wrist shot by Alex Goligoski.
3:24 of 1st period - Shot Misses the Net.
3:26 of 1st period - Snap shot by Ryan Hollweg.
3:26 of 1st period - Shot Blocked by Ramzi Abid.
3:34 of 1st period - Snap shot by Ryan Hollweg.
3:34 of 1st period - Shot Misses the Net.
3:48 of 1st period - Snap shot by Matt Stajan.
3:48 of 1st period - Shot Misses the Net.
3:50 of 1st period - Slapshot by Clarke MacArthur.
3:50 of 1st period - Stopped by Ondrej Pavelec with a rebound.
4:33 of 1st period - Snap shot by Nikolai Zherdev.
4:33 of 1st period - Stopped by Ondrej Pavelec without a rebound.
4:34 of 1st period - Evgeni Malkin wins face-off versus Clarke MacArthur in Senateurs zone.
4:59 of 1st period - Kurtis Foster is hit by Mike Ribeiro and loses puck.
5:04 of 1st period - Slapshot by Mike Ribeiro.
5:04 of 1st period - Shot Misses the Net.
5:08 of 1st period - Snap shot by Maxim Afinogenov.
5:08 of 1st period - Shot Blocked by Kurtis Foster.
5:10 of 1st period - Snap shot by Ben Lovejoy.
5:10 of 1st period - Shot Blocked by Dan Hamhuis.
5:12 of 1st period - Slapshot by Alex Goligoski.
5:12 of 1st period - Shot Misses the Net.
5:59 of 1st period - Icing by Dan Girardi.
6:00 of 1st period - Matt Stajan wins face-off versus Pascal Dupuis in Senateurs zone.
6:07 of 1st period - Snap shot by Matt Stajan.
6:07 of 1st period - Stopped by Ondrej Pavelec without a rebound.
6:08 of 1st period - Mike Ribeiro wins face-off versus Cody Hodgson in Senateurs zone.
6:13 of 1st period - Snap shot by Milan Michalek.
6:13 of 1st period - Goal by Milan Michalek - Canucks : 1 - Senateurs : 0.
6:14 of 1st period - Mike Ribeiro wins face-off versus Evgeni Malkin in neutral zone.
6:38 of 1st period - Icing by Mike Ribeiro.
6:39 of 1st period - Cody Hodgson wins face-off versus Clarke MacArthur in Canucks zone.
7:04 of 1st period - Icing by Johan Franzen.
7:05 of 1st period - Evgeni Malkin wins face-off versus Mike Ribeiro in Senateurs zone.
7:05 of 1st period - Evgeni Malkin is hit by Maxim Afinogenov.
7:13 of 1st period - Maxim Afinogenov is hit by George Parros and loses puck.
7:20 of 1st period - Snap shot by Mike Ribeiro.
7:20 of 1st period - Deflect By Maxim Afinogenov.
7:20 of 1st period - Stopped by Ondrej Pavelec with a rebound.
7:30 of 1st period - Wrist shot by Brandon Dubinsky.
7:30 of 1st period - Stopped by Carey Price with a rebound.
7:32 of 1st period - Minor Penalty to Tom Poti for Hooking.
7:33 of 1st period - George Parros wins face-off versus Mike Ribeiro in Canucks zone.
8:23 of 1st period - Icing by Thomas Vanek.
8:24 of 1st period - Evgeni Malkin wins face-off versus Mike Ribeiro in Senateurs zone.
8:24 of 1st period - Evgeni Malkin is hit by Jamie McBain.
9:21 of 1st period - Minor Penalty to Johan Franzen for High sticking.
9:22 of 1st period - Evgeni Malkin wins face-off versus Mike Ribeiro in Senateurs zone.
9:29 of 1st period - Dan Hamhuis is hit by Mike Ribeiro and loses puck.
9:32 of 1st period - Penalty to Tom Poti is over, Tom Poti is back on ice.
9:34 of 1st period - Wrist shot by Matt Stajan.
9:34 of 1st period - Stopped by Ondrej Pavelec without a rebound.
9:35 of 1st period - Jiri Hudler wins face-off versus Evgeni Malkin in Senateurs zone.
10:06 of 1st period - Snap shot by Clarke MacArthur.
10:06 of 1st period - Shot Misses the Net.
10:08 of 1st period - Slapshot by Maxim Afinogenov.
10:08 of 1st period - Shot Hit the Post.
11:21 of 1st period - Penalty to Johan Franzen is over, Johan Franzen is back on ice.
11:32 of 1st period - Ryan Hollweg is hit by B.J. Crombeen and loses puck.
11:36 of 1st period - Icing by Nik Antropov.
11:37 of 1st period - Nik Antropov wins face-off versus Cody Hodgson in Canucks zone.
11:48 of 1st period - Snap shot by Johan Franzen.
11:48 of 1st period - Shot Blocked by Tom Poti.
12:14 of 1st period - Wrist shot by Maxim Afinogenov.
12:14 of 1st period - Stopped by Ondrej Pavelec with a rebound.
12:38 of 1st period - Matt Stajan is hit by Johan Franzen.
13:31 of 1st period - Icing by Alex Goligoski.
13:32 of 1st period - Cody Hodgson wins face-off versus Mike Ribeiro in Canucks zone.
13:56 of 1st period - Wrist shot by Milan Michalek.
13:56 of 1st period - Shot Misses the Net.
13:58 of 1st period - Snap shot by Maxim Afinogenov.
13:58 of 1st period - Stopped by Ondrej Pavelec with a rebound.
14:00 of 1st period - Wrist shot by Mike Ribeiro.
14:00 of 1st period - Shot Blocked by Dan Girardi.
14:02 of 1st period - Slapshot by Ben Lovejoy.
14:02 of 1st period - Shot Hit the Post.
14:04 of 1st period - Slapshot by Milan Michalek.
14:04 of 1st period - Stopped by Ondrej Pavelec without a rebound.
14:05 of 1st period - Matt Stajan wins face-off versus Evgeni Malkin in Senateurs zone.
15:50 of 1st period - Icing by Jamie McBain.
15:51 of 1st period - Johan Franzen wins face-off versus Nik Antropov in Canucks zone.
15:52 of 1st period - Snap shot by Brenden Morrow.
15:52 of 1st period - Deflect By Cody Hodgson.
15:52 of 1st period - Shot Blocked by Tom Poti.
15:52 of 1st period - Puck is out of play.
15:53 of 1st period - Cody Hodgson wins face-off versus Nik Antropov in Canucks zone.
16:16 of 1st period - Icing by Alex Goligoski.
16:17 of 1st period - Maxim Afinogenov wins face-off versus Evgeni Malkin in Canucks zone.
16:24 of 1st period - Snap shot by Maxim Afinogenov.
16:24 of 1st period - Shot Blocked by Evgeni Malkin.
16:43 of 1st period - Jiri Hudler is hit by Brenden Morrow and loses puck.
18:08 of 1st period - Snap shot by Matt Stajan.
18:08 of 1st period - Shot Blocked by Dan Girardi.
18:28 of 1st period - Snap shot by B.J. Crombeen.
18:28 of 1st period - Shot Blocked by Jamie McBain.
18:34 of 1st period - Snap shot by B.J. Crombeen.
18:34 of 1st period - Stopped by Carey Price without a rebound.
18:35 of 1st period - Brenden Morrow wins face-off versus Mike Ribeiro in Canucks zone.
18:44 of 1st period - Snap shot by Brenden Morrow.
18:44 of 1st period - Stopped by Carey Price with a rebound.
19:14 of 1st period - Wrist shot by Matt Stajan.
19:14 of 1st period - Shot Hit the Post.
19:38 of 1st period - Jamie McBain is hit by Kurtis Foster and loses puck.
19:49 of 1st period - Snap shot by Ramzi Abid.
19:49 of 1st period - Stopped by Carey Price without a rebound.
19:50 of 1st period - Evgeni Malkin wins face-off versus Mike Ribeiro in Canucks zone.
Goals for this period are 1 for Canucks vs 0 for Senateurs.
Shots for this period are 9 for Canucks vs 5 for Senateurs.
2nd period
0:01 of 2nd period - Evgeni Malkin wins face-off versus Mike Ribeiro in neutral zone.
0:26 of 2nd period - Dan Hamhuis is hit by Clarke MacArthur and loses puck.
0:59 of 2nd period - Wrist shot by Nik Antropov.
0:59 of 2nd period - Deflect By Ryan Hollweg.
0:59 of 2nd period - Shot Blocked by Vladimir Mihalik.
0:59 of 2nd period - Puck is out of play.
1:00 of 2nd period - Evgeni Malkin wins face-off versus Mike Ribeiro in Senateurs zone.
1:08 of 2nd period - Minor Penalty to Milan Michalek for Interference.
1:09 of 2nd period - Evgeni Malkin wins face-off versus Mike Ribeiro in Canucks zone.
1:11 of 2nd period - Slapshot by Evgeni Malkin.
1:11 of 2nd period - Shot Misses the Net.
1:13 of 2nd period - Slapshot by Dan Hamhuis.
1:13 of 2nd period - Shot Blocked by Ben Lovejoy.
1:15 of 2nd period - Snap shot by Dan Hamhuis.
1:15 of 2nd period - Goal by Dan Hamhuis - Canucks : 1 - Senateurs : 1.
1:16 of 2nd period - Evgeni Malkin wins face-off versus Mike Ribeiro in neutral zone.
1:30 of 2nd period - Icing by Kurtis Foster.
1:31 of 2nd period - Evgeni Malkin wins face-off versus Matt Stajan in Senateurs zone.
2:49 of 2nd period - Slapshot by Alex Goligoski.
2:49 of 2nd period - Deflect By Maxim Afinogenov.
2:49 of 2nd period - Stopped by Ondrej Pavelec without a rebound.
2:50 of 2nd period - Matt Stajan wins face-off versus Cody Hodgson in Senateurs zone.
3:15 of 2nd period - Vladimir Mihalik is hit by Nik Antropov and loses puck.
3:46 of 2nd period - Snap shot by Milan Michalek.
3:46 of 2nd period - Stopped by Ondrej Pavelec with a rebound.
4:24 of 2nd period - Snap shot by Jamie McBain.
4:24 of 2nd period - Stopped by Ondrej Pavelec without a rebound.
4:25 of 2nd period - Cody Hodgson wins face-off versus Matt Stajan in Senateurs zone.
5:14 of 2nd period - Snap shot by Milan Hejduk.
5:14 of 2nd period - Goal by Milan Hejduk - Canucks : 1 - Senateurs : 2.
5:15 of 2nd period - Evgeni Malkin wins face-off versus Mike Ribeiro in neutral zone.
5:46 of 2nd period - Slapshot by Clarke MacArthur.
5:46 of 2nd period - Goal by Clarke MacArthur - Canucks : 2 - Senateurs : 2.
5:47 of 2nd period - Evgeni Malkin wins face-off versus Mike Ribeiro in neutral zone.
5:56 of 2nd period - Snap shot by Milan Michalek.
5:56 of 2nd period - Stopped by Ondrej Pavelec without a rebound.
5:57 of 2nd period - Mike Ribeiro wins face-off versus Evgeni Malkin in Senateurs zone.
6:10 of 2nd period - Thomas Vanek is hit by Mike Ribeiro and loses puck.
6:53 of 2nd period - Dan Hamhuis is hit by Milan Michalek and loses puck.
7:26 of 2nd period - Slapshot by Alex Goligoski.
7:26 of 2nd period - Deflect By Mike Ribeiro.
7:26 of 2nd period - Shot Misses the Net.
7:26 of 2nd period - Puck is out of play.
7:27 of 2nd period - Matt Stajan wins face-off versus Brenden Morrow in Senateurs zone.
7:30 of 2nd period - Slapshot by Matt Stajan.
7:30 of 2nd period - Stopped by Ondrej Pavelec without a rebound.
7:31 of 2nd period - Matt Stajan wins face-off versus Cody Hodgson in Senateurs zone.
7:53 of 2nd period - Brenden Morrow is hit by Jamie McBain and loses puck.
8:47 of 2nd period - Snap shot by Johan Franzen.
8:47 of 2nd period - Goal by Johan Franzen - Canucks : 2 - Senateurs : 3.
8:48 of 2nd period - Mike Ribeiro wins face-off versus Evgeni Malkin in neutral zone.
8:50 of 2nd period - Minor Penalty to Milan Michalek for Slashing.
8:51 of 2nd period - Evgeni Malkin wins face-off versus Mike Ribeiro in Canucks zone.
9:01 of 2nd period - Snap shot by Thomas Vanek.
9:01 of 2nd period - Shot Blocked by Alex Goligoski.
9:15 of 2nd period - Snap shot by Mike Ribeiro.
9:15 of 2nd period - Stopped by Ondrej Pavelec without a rebound.
9:16 of 2nd period - Mike Ribeiro wins face-off versus Cody Hodgson in Senateurs zone.
9:23 of 2nd period - Cody Hodgson is hit by Jamie McBain and loses puck.
9:42 of 2nd period - Lasse Kukkonen is hit by Evgeni Malkin and loses puck.
9:49 of 2nd period - Snap shot by Evgeni Malkin.
9:49 of 2nd period - Stopped by Carey Price with a rebound.
10:50 of 2nd period - Penalty to Milan Michalek is over, Milan Michalek is back on ice.
11:14 of 2nd period - Brandon Dubinsky is hit by Maxim Lapierre and loses puck.
11:46 of 2nd period - B.J. Crombeen is hit by Alex Goligoski and loses puck.
12:51 of 2nd period - Evgeni Malkin is hit by Nik Antropov and loses puck.
13:46 of 2nd period - Icing by Cody Hodgson.
13:47 of 2nd period - Nik Antropov wins face-off versus Cody Hodgson in Senateurs zone.
13:58 of 2nd period - Wrist shot by Ryan Hollweg.
13:58 of 2nd period - Shot Misses the Net.
14:00 of 2nd period - Snap shot by Rene Bourque.
14:00 of 2nd period - Shot Blocked by Brenden Morrow.
14:21 of 2nd period - Snap shot by Kurtis Foster.
14:21 of 2nd period - Stopped by Carey Price without a rebound.
14:22 of 2nd period - Matt Stajan wins face-off versus Evgeni Malkin in Canucks zone.
14:22 of 2nd period - Matt Stajan is hit by Thomas Vanek.
14:48 of 2nd period - Kurtis Foster is hit by Milan Michalek and loses puck.
15:16 of 2nd period - Slapshot by Ramzi Abid.
15:16 of 2nd period - Shot Blocked by Sami Lepisto.
15:18 of 2nd period - Snap shot by Brandon Dubinsky.
15:18 of 2nd period - Stopped by Carey Price with a rebound.
15:20 of 2nd period - Wrist shot by B.J. Crombeen.
15:20 of 2nd period - Stopped by Carey Price with a rebound.
15:22 of 2nd period - Wrist shot by B.J. Crombeen.
15:22 of 2nd period - Stopped by Carey Price with a rebound.
15:24 of 2nd period - Slapshot by Brandon Dubinsky.
15:24 of 2nd period - Deflect By Ramzi Abid.
15:24 of 2nd period - Shot Blocked by Maxim Lapierre.
15:24 of 2nd period - Puck is out of play.
15:25 of 2nd period - Mike Ribeiro wins face-off versus Evgeni Malkin in Canucks zone.
15:52 of 2nd period - Jiri Hudler is hit by Brenden Morrow and loses puck.
16:01 of 2nd period - Snap shot by Jamie McBain.
16:01 of 2nd period - Stopped by Ondrej Pavelec without a rebound.
16:02 of 2nd period - Evgeni Malkin wins face-off versus Milan Michalek in Senateurs zone.
16:07 of 2nd period - Slapshot by Dan Hamhuis.
16:07 of 2nd period - Stopped by Carey Price without a rebound.
16:08 of 2nd period - Evgeni Malkin wins face-off versus Mike Ribeiro in Canucks zone.
16:16 of 2nd period - Minor Penalty to Maxim Afinogenov for Roughing.
16:17 of 2nd period - Mike Ribeiro wins face-off versus Evgeni Malkin in Canucks zone.
17:03 of 2nd period - Minor Penalty to Vladimir Mihalik for High sticking.
17:04 of 2nd period - Mike Ribeiro wins face-off versus Thomas Vanek in Senateurs zone.
17:05 of 2nd period - Slapshot by Matt Stajan.
17:05 of 2nd period - Deflect By Mike Ribeiro.
17:05 of 2nd period - Shot Misses the Net.
17:05 of 2nd period - Puck is out of play.
17:06 of 2nd period - Thomas Vanek wins face-off versus Matt Stajan in Senateurs zone.
17:13 of 2nd period - Jamie McBain is hit by Thomas Vanek.
17:19 of 2nd period - Slapshot by Jamie McBain.
17:19 of 2nd period - Stopped by Ondrej Pavelec with a rebound.
17:47 of 2nd period - Wrist shot by Jamie McBain.
17:47 of 2nd period - Deflect By Milan Michalek.
17:47 of 2nd period - Goal by Milan Michalek - Canucks : 3 - Senateurs : 3.
17:48 of 2nd period - Mike Ribeiro wins face-off versus Evgeni Malkin in neutral zone.
18:16 of 2nd period - Penalty to Maxim Afinogenov is over, Maxim Afinogenov is back on ice.
19:03 of 2nd period - Penalty to Vladimir Mihalik is over, Vladimir Mihalik is back on ice.
19:38 of 2nd period - Patrik Elias is hit by Johan Franzen and loses puck.
Goals for this period are 2 for Canucks vs 3 for Senateurs.
Shots for this period are 10 for Canucks vs 9 for Senateurs.
3rd period
0:01 of 3rd period - Mike Ribeiro wins face-off versus George Parros in neutral zone.
0:04 of 3rd period - Dan Hamhuis is hit by Maxim Afinogenov and loses puck.
0:16 of 3rd period - Off-side.
0:17 of 3rd period - Cody Hodgson wins face-off versus Jiri Hudler in neutral zone.
0:28 of 3rd period - Wrist shot by Matt Stajan.
0:28 of 3rd period - Deflect By Jiri Hudler.
0:28 of 3rd period - Goal by Jiri Hudler - Canucks : 4 - Senateurs : 3.
0:29 of 3rd period - Milan Michalek wins face-off versus Evgeni Malkin in neutral zone.
0:54 of 3rd period - Milan Michalek is hit by Ramzi Abid.
1:57 of 3rd period - Vladimir Mihalik is hit by Patrik Elias.
2:09 of 3rd period - Arturs Kulda is hit by Ben Lovejoy and loses puck.
2:33 of 3rd period - Snap shot by Johan Franzen.
2:33 of 3rd period - Stopped by Carey Price without a rebound.
2:34 of 3rd period - Maxim Lapierre wins face-off versus Cody Hodgson in Canucks zone.
3:01 of 3rd period - Snap shot by Matt Stajan.
3:01 of 3rd period - Deflect By Ramzi Abid.
3:01 of 3rd period - Stopped by Ondrej Pavelec with a rebound.
3:19 of 3rd period - Evgeni Malkin is hit by Clarke MacArthur and loses puck.
4:17 of 3rd period - Slapshot by Patrik Elias.
4:17 of 3rd period - Shot Misses the Net.
4:43 of 3rd period - Snap shot by Brenden Morrow.
4:43 of 3rd period - Shot Misses the Net.
4:54 of 3rd period - Off-side.
4:55 of 3rd period - Mike Ribeiro wins face-off versus Rob Schremp in neutral zone.
5:10 of 3rd period - Snap shot by Milan Michalek.
5:10 of 3rd period - Shot Misses the Net.
5:30 of 3rd period - Snap shot by Clarke MacArthur.
5:30 of 3rd period - Stopped by Ondrej Pavelec with a rebound.
5:32 of 3rd period - Slapshot by Tom Poti.
5:32 of 3rd period - Shot Misses the Net.
5:57 of 3rd period - Minor Penalty to Brenden Morrow for Tripping.
5:58 of 3rd period - Evgeni Malkin wins face-off versus Mike Ribeiro in Senateurs zone.
5:58 of 3rd period - Evgeni Malkin is hit by Mike Ribeiro.
6:04 of 3rd period - Slapshot by Vladimir Mihalik.
6:04 of 3rd period - Deflect By Evgeni Malkin.
6:04 of 3rd period - Shot Misses the Net.
6:04 of 3rd period - Puck is out of play.
6:05 of 3rd period - Evgeni Malkin wins face-off versus Mike Ribeiro in Canucks zone.
6:10 of 3rd period - Snap shot by Evgeni Malkin.
6:10 of 3rd period - Shot Misses the Net.
6:12 of 3rd period - Minor Penalty to Ben Lovejoy for Tripping.
6:13 of 3rd period - Evgeni Malkin wins face-off versus Mike Ribeiro in Canucks zone.
6:54 of 3rd period - Snap shot by George Parros.
6:54 of 3rd period - Stopped by Carey Price without a rebound.
6:55 of 3rd period - Nik Antropov wins face-off versus George Parros in Canucks zone.
7:20 of 3rd period - Dan Hamhuis is hit by Matt Stajan and loses puck.
7:47 of 3rd period - Slapshot by Carlo Colaiacovo.
7:47 of 3rd period - Stopped by Carey Price without a rebound.
7:48 of 3rd period - Pascal Dupuis wins face-off versus Maxim Lapierre in Canucks zone.
7:49 of 3rd period - Wrist shot by George Parros.
7:49 of 3rd period - Stopped by Carey Price without a rebound.
7:50 of 3rd period - Pascal Dupuis wins face-off versus Maxim Lapierre in Canucks zone.
7:51 of 3rd period - Slapshot by George Parros.
7:51 of 3rd period - Goal by George Parros - Canucks : 4 - Senateurs : 4.
7:52 of 3rd period - Evgeni Malkin wins face-off versus Mike Ribeiro in neutral zone.
7:57 of 3rd period - Penalty to Brenden Morrow is over, Brenden Morrow is back on ice.
8:12 of 3rd period - Penalty to Ben Lovejoy is over, Ben Lovejoy is back on ice.
8:27 of 3rd period - Wrist shot by Ben Lovejoy.
8:27 of 3rd period - Stopped by Ondrej Pavelec without a rebound.
8:28 of 3rd period - Brandon Dubinsky wins face-off versus Nik Antropov in Senateurs zone.
8:35 of 3rd period - Ramzi Abid is hit by Lasse Kukkonen and loses puck.
9:18 of 3rd period - Wrist shot by George Parros.
9:18 of 3rd period - Stopped by Carey Price without a rebound.
9:19 of 3rd period - Evgeni Malkin wins face-off versus Matt Stajan in Canucks zone.
9:24 of 3rd period - Slapshot by Thomas Vanek.
9:24 of 3rd period - Stopped by Carey Price without a rebound.
9:25 of 3rd period - Evgeni Malkin wins face-off versus Matt Stajan in Canucks zone.
9:26 of 3rd period - Snap shot by Thomas Vanek.
9:26 of 3rd period - Shot Misses the Net.
9:34 of 3rd period - Slapshot by Alex Goligoski.
9:34 of 3rd period - Shot Blocked by George Parros.
9:36 of 3rd period - Slapshot by Alex Goligoski.
9:36 of 3rd period - Stopped by Ondrej Pavelec with a rebound.
9:38 of 3rd period - Wrist shot by Clarke MacArthur.
9:38 of 3rd period - Stopped by Ondrej Pavelec with a rebound.
9:42 of 3rd period - Wrist shot by Clarke MacArthur.
9:42 of 3rd period - Shot Misses the Net.
9:52 of 3rd period - Snap shot by Brenden Morrow.
9:52 of 3rd period - Shot Misses the Net.
9:54 of 3rd period - Snap shot by Johan Franzen.
9:54 of 3rd period - Stopped by Carey Price without a rebound.
9:55 of 3rd period - Mike Ribeiro wins face-off versus Cody Hodgson in Canucks zone.
10:05 of 3rd period - Slapshot by Maxim Afinogenov.
10:05 of 3rd period - Stopped by Ondrej Pavelec with a rebound.
10:07 of 3rd period - Snap shot by Milan Michalek.
10:07 of 3rd period - Shot Blocked by Carlo Colaiacovo.
10:09 of 3rd period - Slapshot by Maxim Afinogenov.
10:09 of 3rd period - Stopped by Ondrej Pavelec with a rebound.
10:11 of 3rd period - Wrist shot by Maxim Afinogenov.
10:11 of 3rd period - Shot Misses the Net.
10:13 of 3rd period - Snap shot by Mike Ribeiro.
10:13 of 3rd period - Deflect By Milan Michalek.
10:13 of 3rd period - Stopped by Ondrej Pavelec without a rebound.
10:14 of 3rd period - Evgeni Malkin wins face-off versus Matt Stajan in Senateurs zone.
10:14 of 3rd period - Evgeni Malkin is hit by Jiri Hudler.
10:17 of 3rd period - Minor Penalty to Kurtis Foster for Tripping.
10:18 of 3rd period - Mike Ribeiro wins face-off versus Evgeni Malkin in Senateurs zone.
10:30 of 3rd period - Slapshot by Mike Ribeiro.
10:30 of 3rd period - Shot Blocked by Dan Hamhuis.
10:32 of 3rd period - Slapshot by Alex Goligoski.
10:32 of 3rd period - Shot Blocked by Arturs Kulda.
10:34 of 3rd period - Snap shot by Milan Michalek.
10:34 of 3rd period - Stopped by Ondrej Pavelec with a rebound.
12:03 of 3rd period - Maxim Afinogenov is hit by B.J. Crombeen and loses puck.
12:17 of 3rd period - Penalty to Kurtis Foster is over, Kurtis Foster is back on ice.
12:29 of 3rd period - Ryan Hollweg is hit by Johan Franzen and loses puck.
12:40 of 3rd period - Ramzi Abid is hit by Lasse Kukkonen and loses puck.
12:46 of 3rd period - Icing by Brandon Dubinsky.
12:47 of 3rd period - Brandon Dubinsky wins face-off versus Maxim Lapierre in Senateurs zone.
13:09 of 3rd period - Snap shot by Milan Hejduk.
13:09 of 3rd period - Shot Misses the Net.
13:16 of 3rd period - Icing by Ben Lovejoy.
13:17 of 3rd period - Cody Hodgson wins face-off versus Maxim Lapierre in Canucks zone.
13:22 of 3rd period - Snap shot by Johan Franzen.
13:22 of 3rd period - Stopped by Carey Price with a rebound.
13:24 of 3rd period - Wrist shot by Kurtis Foster.
13:24 of 3rd period - Stopped by Carey Price with a rebound.
13:26 of 3rd period - Slapshot by Brenden Morrow.
13:26 of 3rd period - Shot Misses the Net.
13:28 of 3rd period - Snap shot by Johan Franzen.
13:28 of 3rd period - Stopped by Carey Price without a rebound.
13:29 of 3rd period - Evgeni Malkin wins face-off versus Mike Ribeiro in Canucks zone.
14:11 of 3rd period - Minor Penalty to Brenden Morrow for Tripping.
14:12 of 3rd period - Mike Ribeiro wins face-off versus Evgeni Malkin in Senateurs zone.
14:17 of 3rd period - Snap shot by Mike Ribeiro.
14:17 of 3rd period - Goal by Mike Ribeiro - Canucks : 5 - Senateurs : 4.
14:18 of 3rd period - Mike Ribeiro wins face-off versus Evgeni Malkin in neutral zone.
14:29 of 3rd period - Snap shot by Milan Michalek.
14:29 of 3rd period - Shot Blocked by Evgeni Malkin.
14:31 of 3rd period - Snap shot by Milan Michalek.
14:31 of 3rd period - Shot Misses the Net.
14:33 of 3rd period - Wrist shot by Milan Michalek.
14:33 of 3rd period - Stopped by Ondrej Pavelec without a rebound.
14:34 of 3rd period - Brenden Morrow wins face-off versus Matt Stajan in Senateurs zone.
15:02 of 3rd period - Slapshot by Dan Hamhuis.
15:02 of 3rd period - Shot Blocked by Milan Michalek.
15:04 of 3rd period - Snap shot by Thomas Vanek.
15:04 of 3rd period - Stopped by Carey Price with a rebound.
15:06 of 3rd period - Slapshot by Thomas Vanek.
15:06 of 3rd period - Shot Misses the Net.
15:08 of 3rd period - Wrist shot by George Parros.
15:08 of 3rd period - Stopped by Carey Price without a rebound.
15:09 of 3rd period - Brandon Dubinsky wins face-off versus Nik Antropov in Canucks zone.
15:20 of 3rd period - Slapshot by Nik Antropov.
15:20 of 3rd period - Stopped by Ondrej Pavelec with a rebound.
15:22 of 3rd period - Slapshot by Lasse Kukkonen.
15:22 of 3rd period - Deflect By Nik Antropov.
15:22 of 3rd period - Stopped by Ondrej Pavelec with a rebound.
15:24 of 3rd period - Wrist shot by Sami Lepisto.
15:24 of 3rd period - Stopped by Ondrej Pavelec with a rebound.
17:17 of 3rd period - Wrist shot by Maxim Afinogenov.
17:17 of 3rd period - Shot Misses the Net.
17:19 of 3rd period - Snap shot by Mike Ribeiro.
17:19 of 3rd period - Stopped by Ondrej Pavelec with a rebound.
18:40 of 3rd period - Snap shot by Rene Bourque.
18:40 of 3rd period - Shot Blocked by Carlo Colaiacovo.
18:44 of 3rd period - Wrist shot by Nik Antropov.
18:44 of 3rd period - Stopped by Ondrej Pavelec with a rebound.
18:56 of 3rd period - Senateurs, Ondrej Pavelec is pulled from the net.
18:58 of 3rd period - Slapshot by Evgeni Malkin.
18:58 of 3rd period - Stopped by Carey Price without a rebound.
18:59 of 3rd period - Bob Hartley call a timeout for Senateurs.
18:59 of 3rd period - Mike Ribeiro wins face-off versus Evgeni Malkin in Canucks zone.
19:54 of 3rd period - Wrist shot by Evgeni Malkin.
19:54 of 3rd period - Shot Misses the Net.
19:56 of 3rd period - Snap shot by Evgeni Malkin.
19:56 of 3rd period - Goal by Evgeni Malkin - Canucks : 5 - Senateurs : 5.
19:56 of 3rd period - Ondrej Pavelec from Senateurs was sent back in the game.
19:57 of 3rd period - Evgeni Malkin wins face-off versus Nik Antropov in neutral zone.
19:57 of 3rd period - Evgeni Malkin is hit by Rene Bourque.
Goals for this period are 2 for Canucks vs 2 for Senateurs.
Shots for this period are 17 for Canucks vs 15 for Senateurs.
Overtime #1
0:01 of 1st overtime period - Mike Ribeiro wins face-off versus Evgeni Malkin in neutral zone.
0:16 of 1st overtime period - Wrist shot by Matt Stajan.
0:16 of 1st overtime period - Stopped by Ondrej Pavelec without a rebound.
0:17 of 1st overtime period - Evgeni Malkin wins face-off versus Mike Ribeiro in Senateurs zone.
0:19 of 1st overtime period - Icing by Dan Hamhuis.
0:20 of 1st overtime period - Mike Ribeiro wins face-off versus Evgeni Malkin in Senateurs zone.
0:33 of 1st overtime period - Wrist shot by Evgeni Malkin.
0:33 of 1st overtime period - Stopped by Carey Price without a rebound.
0:34 of 1st overtime period - Mike Ribeiro wins face-off versus Evgeni Malkin in Canucks zone.
1:13 of 1st overtime period - Snap shot by George Parros.
1:13 of 1st overtime period - Shot Misses the Net.
1:15 of 1st overtime period - Wrist shot by George Parros.
1:15 of 1st overtime period - Deflect By Brenden Morrow.
1:15 of 1st overtime period - Stopped by Carey Price without a rebound.
1:16 of 1st overtime period - Mike Ribeiro wins face-off versus Brenden Morrow in Canucks zone.
1:16 of 1st overtime period - Mike Ribeiro is hit by Vladimir Mihalik.
1:19 of 1st overtime period - Minor Penalty to Mike Ribeiro for Interference.
1:20 of 1st overtime period - Patrik Elias wins face-off versus Evgeni Malkin in Canucks zone.
2:44 of 1st overtime period - Alex Goligoski is hit by Brenden Morrow and loses puck.
3:19 of 1st overtime period - Penalty to Mike Ribeiro is over, Mike Ribeiro is back on ice.
3:39 of 1st overtime period - Lasse Kukkonen is hit by B.J. Crombeen and loses puck.
4:06 of 1st overtime period - Matt Stajan is hit by Carlo Colaiacovo and loses puck.
Goals for this period are 0 for Canucks vs 0 for Senateurs.
Shots for this period are 1 for Canucks vs 2 for Senateurs.
ShootOut
5:00 of 1st overtime period - Penalty Shot by Mike Ribeiro for Canucks.
5:00 of 1st overtime period - Snap shot by Mike Ribeiro.
5:00 of 1st overtime period - Stopped by Ondrej Pavelec.
5:00 of 1st overtime period - Penalty Shot by Evgeni Malkin for Senateurs.
5:00 of 1st overtime period - Wrist shot by Evgeni Malkin.
5:00 of 1st overtime period - Goal by Evgeni Malkin.
5:00 of 1st overtime period - Penalty Shot by Matt Stajan for Canucks.
5:00 of 1st overtime period - Deke by Matt Stajan.
5:00 of 1st overtime period - Stopped by Ondrej Pavelec.
5:00 of 1st overtime period - Penalty Shot by Thomas Vanek for Senateurs.
5:00 of 1st overtime period - Snap shot by Thomas Vanek.
5:00 of 1st overtime period - Stopped by Carey Price.
5:00 of 1st overtime period - Penalty Shot by Nik Antropov for Canucks.
5:00 of 1st overtime period - Wrist shot by Nik Antropov.
5:00 of 1st overtime period - Goal by Nik Antropov.
5:00 of 1st overtime period - Penalty Shot by Brenden Morrow for Senateurs.
5:00 of 1st overtime period - Snap shot by Brenden Morrow.
5:00 of 1st overtime period - Shot Misses the Net.
5:00 of 1st overtime period - Penalty Shot by Milan Michalek for Canucks.
5:00 of 1st overtime period - Wrist shot by Milan Michalek.
5:00 of 1st overtime period - Goal by Milan Michalek.
5:00 of 1st overtime period - Penalty Shot by George Parros for Senateurs.
5:00 of 1st overtime period - Wrist shot by George Parros.
5:00 of 1st overtime period - Stopped by Carey Price.
Back to the Top